 Dungeon Sprint DCSS version 0.17-a0-1210-g1e4f09d (webtiles) character file.

871 Kidiri the Blocker (level 8, -4/54 HPs)
             Began as a Gargoyle Fighter on June 4, 2015.
             Was a Believer of Okawaru.
             Slain by a two-headed ogre
             ... wielding a +0 giant spiked club
              (20 damage)
             ... in the Dungeon (Sprint IX: "|||||||||||||||||||||||||||||").
             The game lasted 00:02:25 (495 turns).

Kidiri the Blocker (Gargoyle Fighter)                Turns: 495, Time: 00:02:25

Health: -4/54      AC: 25    Str: 22    XL:     8   Next: 3%
Magic:  10/11      EV:  7    Int:  9    God:    Okawaru [**....]
Gold:   0          SH: 12    Dex:  9    Spells: 0 memorised, 7 levels left

rFire  . . .     SeeInvis .     p - +2 morningstar (crush)
rCold  . . .     Clarity  .     r - +1 chain mail
rNeg   + . .     SustAt   .     c - +0 shield
rPois  ∞         Gourm    .     (no helmet)
rElec  +         Spirit   .     a - +0 cloak
rCorr  .         Warding  .     q - +0 pair of gloves
rMut   .         NoTele   +     (no boots)
MR     .....                    (no amulet)
Stlth  ..........               s - +2 ring of protection
                                b - +2 ring of protection

@: not resistant to hostile enchantments, extremely unstealthy
A: negative energy resistance 1, electricity resistance, unbreathing,
petrification resistance, rot immunity, AC +5
a: Heroism, Renounce Religion


You were in the Dungeon.
You worshipped Okawaru.
Okawaru was pleased with you.
You were not hungry.

You visited 1 branch

Inventory:

Hand weapons
 p - a +2 morningstar of crushing (weapon)
Armour
 a - a +0 cloak (worn)
 c - a +0 shield (worn)
 q - a +0 pair of gloves (worn)
 r - a +1 chain mail (worn)
Jewellery
 b - a +2 ring of protection (left hand)
 s - a +2 ring of protection (right hand)
Magical devices
 o - a wand of fire (7)
Scrolls
 k - 2 scrolls of blinking
 m - 3 scrolls of remove curse
 n - 2 scrolls of amnesia
Potions
 d - a potion of might
 f - 5 potions of curing
 g - a potion of invisibility
 h - a potion of haste
 i - 4 potions of magic
 j - a potion of berserk rage
 l - 2 potions of heal wounds
Comestibles
 e - a bread ration


   Skills:
 + Level 8.2 Fighting
 + Level 7.0 Maces & Flails
 * Level 10.8 Armour
 * Level 11.0 Shields
 + Level 4.3 Invocations


You had 7 spell levels left.
You didn't know any spells.

Dungeon Overview and Level Annotations

Branches:
Dungeon (1/1)

Altars:
Cheibriados
Dithmenos
Elyvilon
Fedhas
Gozag
Kikubaaqudgha
Makhleb
Nemelex Xobeh
Okawaru
Qazlal
Ru
Sif Muna
Trog
Vehumet
Xom
Yredelemnul
Zin
The Shining One
Beogh
Jiyva
Lugonu


Innate Abilities, Weirdness & Mutations

You are resistant to torment.
Your stone body is resilient (AC +5).
You are immune to poison.
You resist negative energy.
You are resistant to electric shocks.
You can survive without breathing.
You are immune to petrification.
You are immune to rotting.


Message History

The adder zombie bites you.
Your chain mail prevents you from hitting the adder zombie.
The adder zombie closely misses you.
You puncture the adder zombie!
The adder zombie bites you but does no damage.
You thump the adder zombie!
You destroy the adder zombie!
Okawaru accepts your kill.
You puncture the two-headed ogre!
The two-headed ogre is moderately wounded.
The two-headed ogre hits you with a giant spiked club! x2
You puncture the two-headed ogre!
The two-headed ogre is severely wounded.
You block the two-headed ogre's attack.
The two-headed ogre hits you with a giant spiked club!
* * * LOW HITPOINT WARNING * * *
Your shield and chain mail prevent you from hitting the two-headed ogre.
The two-headed ogre is severely wounded.
The two-headed ogre hits you with a giant spiked club!!
You die...

▓.▓
▓.▓
▓)▓
▓.▓
▓.▓
▓.▓
▓.▓
▓.▓
▓@▓
▓O▓
▓.▓
▓.▓
▓.▓
▓.▓
▓.▓
▓.▓


You could see a two-headed ogre.

Vanquished Creatures
  A deep elf mage (D)
  A wraith (D)
  A hippogriff (D)
  2 orc warriors (D)
  A centaur (D)
  A giant frog (D)
  A killer bee (D)
  2 jellies (D)
  An adder zombie (D)
  An ooze (D)
  An orc (D)
  A bat skeleton (D)
  A hobgoblin (D)
  A jackal (D)
  A bat (D)
  A kobold (D)
  A quokka skeleton (D)
  2 rats (D)
21 creatures vanquished.

Notes
Turn   | Place    | Note
--------------------------------------------------------------
     0 | D        | Kidiri the Gargoyle Fighter began the quest for the Orb.
     0 | D        | Reached XP level 1. HP: 14/14 MP: 1/1
    12 | D        | Reached skill level 4 in Shields
    19 | D        | Reached XP level 2. HP: 16/20 MP: 2/2
    83 | D        | Noticed a centaur
   112 | D        | Killed a centaur
   112 | D        | Reached skill level 5 in Fighting
   112 | D        | Reached skill level 6 in Armour
   112 | D        | Reached XP level 3. HP: 18/26 MP: 3/3
   112 | D        | Reached XP level 4. HP: 21/31 MP: 4/4
   216 | D        | Found a glowing silver altar of Zin.
   216 | D        | Found a glowing golden altar of the Shining One.
   216 | D        | Found an ancient bone altar of Kikubaaqudgha.
   216 | D        | Found a basalt altar of Yredelemnul.
   216 | D        | Found a shimmering altar of Xom.
   216 | D        | Found a radiant altar of Vehumet.
   217 | D        | Found an iron altar of Okawaru.
   218 | D        | Found a burning altar of Makhleb.
   219 | D        | Found a deep blue altar of Sif Muna.
   220 | D        | Found a bloodstained altar of Trog.
   221 | D        | Found a sparkling altar of Nemelex Xobeh.
   222 | D        | Found a white marble altar of Elyvilon.
   223 | D        | Found a roughly hewn altar of Beogh.
   224 | D        | Found a viscous altar of Jiyva.
   225 | D        | Became a worshipper of Warmaster Okawaru
   226 | D        | Found a corrupted altar of Lugonu.
   227 | D        | Found a blossoming altar of Fedhas.
   228 | D        | Found a snail-covered altar of Cheibriados.
   229 | D        | Found a shadowy altar of Dithmenos.
   230 | D        | Found a stormy altar of Qazlal.
   231 | D        | Found an opulent altar of Gozag.
   232 | D        | Found a sacrificial altar of Ru.
   285 | D        | Noticed a jelly
   285 | D        | Noticed a giant frog
   285 | D        | Noticed a hippogriff
   285 | D        | Noticed an orc warrior
   285 | D        | Noticed an orc warrior
   287 | D        | Killed a jelly
   287 | D        | Reached XP level 5. HP: 29/35 MP: 5/5
   289 | D        | Killed a giant frog
   289 | D        | Reached skill level 7 in Armour
   293 | D        | Killed a hippogriff
   293 | D        | Acquired Okawaru's first power
   293 | D        | Reached skill level 5 in Maces & Flails
   293 | D        | Reached skill level 8 in Armour
   293 | D        | Reached skill level 9 in Shields
   293 | D        | Reached XP level 6. HP: 30/42 MP: 6/6
   304 | D        | Killed an orc warrior
   311 | D        | Killed an orc warrior
   311 | D        | Reached XP level 7. HP: 22/48 MP: 6/8
   478 | D        | Noticed a killer bee
   478 | D        | Noticed a deep elf mage
   478 | D        | Noticed a jelly
   478 | D        | Noticed a wraith
   478 | D        | Noticed a two-headed ogre
   480 | D        | Killed a killer bee
   480 | D        | Reached skill level 10 in Shields
   482 | D        | Killed a deep elf mage
   482 | D        | Reached skill level 10 in Armour
   484 | D        | Killed a jelly
   489 | D        | Killed a wraith
   489 | D        | Reached skill level 11 in Shields
   489 | D        | Reached XP level 8. HP: 47/54 MP: 9/11
   495 | D        | Slain by a two-headed ogre

Vault maps used:
D:        linesprint

Action                   |  1- 3 |  4- 6 |  7- 9 || total
-------------------------+-------+-------+-------++-------
Melee: Flail             |    43 |       |       ||    43
       Morningstar       |       |    26 |    17 ||    43
  Use: Potion            |     1 |       |       ||     1
